 Dungeon Crawl Stone Soup version 0.31-a0-1068-g5939ac1fb6 (webtiles) character file.

Game seed: 10968359045031570422

556 Pericco the Destroyer (level 7, -13/37 HPs)
             Began as a Tengu Conjurer on Nov 23, 2023.
             Was a Believer of Wu Jian.
             Killed by an exploding butterfly (34 damage)
             ... ignited by their inner flame
             ... on level 4 of the Dungeon.
             The game lasted 00:24:24 (4326 turns).

Pericco the Destroyer (Tengu Conjurer)              Turns: 4326, Time: 00:24:24

Health: -13/37     AC: 13    Str:  7    XL:     7   Next: 30%
Magic:  14/14      EV: 14    Int: 21    God:    Wu Jian [**....]
Gold:   85         SH:  0    Dex: 12    Spells: 13/14 levels left

rFire   x x          .
                       - Unarmed
rCold   x x .        (no shield)
rNeg    . . .        k - +0 ring mail
rPois   +            (helmet restricted)
rElec   .            (no cloak)
rCorr   .            (no gloves)
SInv    .            (boots unavailable)
Will    .....        p - amulet of Elemental Vulnerability {rPois rF-- rC-- AC+8}
Stlth   ++           (no ring)
HPRegen 0.26/turn    (no ring)
MPRegen 0.14/turn

%: acrobat
@: flying
A: beak, talons 3, evasive flight, acrobatic
a: Renounce Religion, Wall Jump


You were on level 4 of the Dungeon.
You worshipped Wu Jian.
Wu Jian was pleased with you.
You visited 1 branch of the dungeon, and saw 5 of its levels.

You collected 85 gold pieces.

Inventory:

Hand Weapons
 d - a +0 dagger
 j - a +0 rapier
 r - a +0 hand axe
 u - a +0 giant club
 v - a +0 scythe
Missiles
 c - 9 boomerangs
Armour
 a - a +0 robe
 f - a +0 barding
 i - an orb of light
 k - a +0 ring mail (worn)
 s - a +0 ring mail
 w - a +0 robe
Jewellery
 p - the amulet of Elemental Vulnerability (around neck) {rPois rF-- rC-- AC+8}
   (You found it on level 3 of the Dungeon)

   [amulet of nothing]

   AC+8:      It affects your AC (+8).
   rF--:      It makes you very vulnerable to fire.
   rC--:      It makes you very vulnerable to cold.
   rPois:     It protects you from poison
Scrolls
 m - a scroll of enchant armour
 t - a scroll of teleportation {unknown}
Potions
 b - 4 potions of magic
 e - 2 potions of cancellation {unknown}
 g - a potion of brilliance {unknown}
 o - a potion of curing {unknown}


   Skills:
 + Level 0.3 Fighting
 + Level 1.6 Armour
 + Level 2.9 Dodging
 + Level 3.3 Stealth
 * Level 1.5 Unarmed Combat
 + Level 4.4 Spellcasting
 + Level 8.0 Conjurations


You had 13 spell levels left.
You knew the following spells:

 Your Spells              Type           Power      Damage    Failure   Level
a - Magic Dart            Conj           100%       1d8       1%          1

Your spell library contained the following spells:

 Spells                   Type           Power      Damage    Failure   Level
 Searing Ray              Conj           76%        2d7       1%          2
 Dazzling Flash           Conj/Hex       42%        N/A       22%         3
 Sting                    Tmut/Pois      16%        1d3       36%         1
 Poisonous Vapours        Pois/Air       8%         N/A       50%         2
 Fulminant Prism          Conj/Hex       10%        3d9       58%         4
 Iskenderun's Mystic Bla  Conj/Tloc      21%        2d6       58%         4
 Olgreb's Toxic Radiance  Pois           4%         N/A       98%         4


Dungeon Overview and Level Annotations

Branches:
Dungeon (5/15)             Temple (0/1) D:5

Altars:
Ashenzari
Wu Jian


Innate Abilities, Weirdness & Mutations

You have a beak for a mouth.
You have claws for feet.
Your magical flight helps you evade attacks. (EV +4)
You can magically evade attacks while moving or waiting.


Message History

The ogre misses you. The gnoll hits you but does no damage.
The ogre attacks as it pursues you! The ogre completely misses you.
The ogre attacks as it pursues you! The ogre closely misses you.
The ogre completely misses you.
The gnoll sergeant completely misses you.
The ogre attacks as it pursues you! The ogre completely misses you.
The gnoll sergeant attacks as it pursues you!
The gnoll sergeant completely misses you.
The gnoll sergeant hits the plant with a +0 spear of venom.
The plant begins to die.
The plant is poisoned.
As you read the scroll of identify, it crumbles to dust.
m - a scroll of enchant armour
As you read the scroll labelled BUKHINI GYOVUI, it crumbles to dust.
You hear the flapping of tiny wings.
The gnoll is knocked back by the sudden gust.
The sleepcap is knocked back by the sudden gust.
The gnoll sergeant is knocked back by the sudden gust.
The ogre is knocked back by the sudden gust.
It was a scroll of butterflies.
The iguana bites your butterfly!
Your butterfly dies!
Your butterfly disappears in a burst of colours!
The gnoll hits your butterfly with a +0 flail!
Your butterfly dies!
Your butterfly disappears in a burst of colours!
The ogre closely misses your butterfly.
As you read the scroll labelled RUMYOS UPPITWI, it crumbles to dust.
The creatures around you are filled with an inner flame!
It was a scroll of immolation.
A nearby plant withers and dies.
The sleepcap releases spores at your butterfly!
Your butterfly disappears in a burst of colours!
Your butterfly explodes!
The fiery explosion engulfs your butterfly!!
Your butterfly disappears in a burst of colours!
The fiery explosion engulfs the gnoll!
Flame seeps out of the gnoll.
The gnoll is severely wounded.
The fiery explosion engulfs your butterfly!!
Your butterfly disappears in a burst of colours!
The fiery explosion engulfs you!! The fire burns you terribly!
Ouch! That really hurt!
You die...

####.....##..########......#.....
##......##.....[......P.~.....~~
#..).....##.....~b~~.~~~~...~~~~
#........###..P.b~≈b~~≈≈≈~~~~~P≈
##............~~.b≈≈≈≈≈≈≈~~~≈≈≈≈≈
#.........b.~~bbPb≈b≈≈≈≈~~~~~~≈~~
#...........bPPbbbb≈≈P~~~~~~.~..~
#..........~Pb≈bb≈bP~~~.~..).....
#...........bbb§@bPbb.........###
##........bPbbb§§§b~b.b..÷...##
##.....~.P≈bbbgOfb.........##
##.....~≈≈b~...blb........#
##..~~≈≈≈b~g.g#b........##
##.##≈≈≈#...#.........## .
#.#≈≈≈##.............# ..
..##≈≈###..#........## ...
.###≈≈## ######.....## ....


You could see an ogre (inner flame, ally target), a sleepcap (inner flame, ally
target), a gnoll sergeant (inner flame, ally target), an iguana (inner flame,
ally target) and 2 gnolls.

Vanquished Creatures
  Sigmund (D:4)
  A black bear (D:4)
  An ogre (D:3)
  A scorpion (D:3)
  4 adders
  2 river rats (D:3)
  A gnoll (D:4)
  4 worms
  10 orcs
  2 bats
  8 endoplasms
  6 giant cockroaches
  11 goblins
  3 hobgoblins (D:1)
  3 jackals
  4 quokkas
  5 ball pythons
  3 frilled lizards
  7 kobolds
  3 rats
80 creatures vanquished.

Notes
Turn   | Place    | Note
-------+----------+-------------------------------------------
     0 | D:1      | Pericco the Tengu Conjurer began the quest for the Orb.
     0 | D:1      | Reached XP level 1. HP: 10/10 MP: 4/4
   311 | D:1      | Reached XP level 2. HP: 15/15 MP: 4/6
   486 | D:1      | Reached skill level 6 in Conjurations
   780 | D:1      | Reached XP level 3. HP: 19/19 MP: 4/7
  1747 | D:2      | Reached XP level 4. HP: 22/24 MP: 4/8
  2446 | D:3      | Found a broken altar of Ashenzari.
  2535 | D:3      | Noticed a scorpion
  2551 | D:3      | Killed a scorpion
  2552 | D:3      | Reached skill level 7 in Conjurations
  2552 | D:3      | Reached XP level 5. HP: 13/28 MP: 2/10
  2805 | D:2      | You fall into a shaft and drop 1 floor!
  2883 | D:3      | Found the amulet of Elemental Vulnerability {rPois rF--
                  | rC-- AC+8}
  3024 | D:3      | Found a faded altar of an unknown god.
  3043 | D:3      | Prayed at the altar of an unknown god.
  3043 | D:3      | Became a worshipper of the Wu Jian Council
  3043 | D:3      | Reached * piety under Wu Jian
  3494 | D:4      | Noticed Sigmund
  3602 | D:4      | Reached ** piety under Wu Jian
  3608 | D:5      | Entered Level 5 of the Dungeon
  3608 | D:5      | Noticed an ogre
  3608 | D:5      | Found a staircase to the Ecumenical Temple.
  3734 | D:4      | Noticed an ogre
  3762 | D:3      | Killed an ogre
  3763 | D:3      | Reached skill level 1 in Armour
  3763 | D:3      | Reached skill level 1 in Unarmed Combat
  3763 | D:3      | Reached XP level 6. HP: 32/32 MP: 5/12
  3898 | D:4      | Killed Sigmund
  3899 | D:4      | Gained mutation: Your magical flight helps you evade
                  | attacks. (EV +4) [Tengu growth]
  3899 | D:4      | Reached XP level 7. HP: 17/36 MP: 5/14
  4139 | D:4      | Reached skill level 8 in Conjurations
  4326 | D:4      | Killed by an exploding butterfly... ignited by their inner
                  | flame

Illustrated notes

Levels and vault maps discovered:
D:1:      roderic_octagonal_star, layout_basic
D:2:      layout_loops_ring, kennysheep_generic_room_10
D:3:      layout_loops_ring, lemuel_crystal_altar, lightli_sewer_entry_pipes,
          hellmonk_ecumenical_altar_defaced_shrine, kennysheep_generic_room_7
D:4:      layout_cave_pods, chequers_big_river, nicolae_grassy_gnolls,
          uniq_sigmund
D:5:      layout_basic, temple_statues, uniq_grinder

Skill      XL: |  1  2  3  4  5  6  7 |
---------------+----------------------+-----
Conjurations   | 6 7 8 |  8.0
Spellcasting   | 3 4 |  4.4
Armour         | 1 |  1.6
Unarmed Combat | 1 |  1.5
Stealth        | 3 |  3.3
Fighting       | |  0.3
Dodging        | |  2.9

Action                     |  1- 3 |  4- 6 |  7- 9 || total
---------------------------+-------+-------+-------++-------
  Melee: Unarmed           |    13 |    46 |    13 ||    72
         Kick              |     8 |    10 |     2 ||    20
         Peck              |     3 |     5 |     3 ||    11
   Cast: Magic Dart        |    66 |   113 |    15 ||   194
Ability: Whirlwind         |       |    21 |    12 ||    33
         Lunge             |       |     1 |       ||     1
    Use: Scroll            |       |       |     5 ||     5
 Armour: Robe              |     3 |     7 |       ||    10
         Ring mail         |       |    21 |    16 ||    37
  Dodge: Dodged            |    11 |    57 |    33 ||   101

Table legend: (Time is in decaauts)
 A = Elapsed time spent in this place.
 B = Non-inter-level travel time spent in this place.
 C = Inter-level travel time spent in this place.
 D = Time resting spent in this place.
 E = Time spent auto-exploring this place.
 F = Levels seen in this place.
 G = Mean time per level.
                   A        B        C        D        E       F      G
               +--------+--------+--------+--------+--------+-----+--------+
         Total |   4378 |   4157 |    221 |      0 |   3259 |   5 |  875.6 |
       Dungeon |   4378 |   4157 |    221 |      0 |   3259 |   5 |  875.6 |
               +--------+--------+--------+--------+--------+-----+--------+

Top non-repeatable levels by time:
     D:3: 1421 daAuts
     D:1: 1129 daAuts
     D:2: 1053 daAuts
     D:4: 770 daAuts
     D:5: 4 daAuts
